 Dungeon Crawl Stone Soup version 0.30-a0-571-gdf30a72648 (webtiles) character file.

Game seed: 13091134397666717973

408 wormed the Shooter (level 6, -1/32 HPs)
             Began as a Spriggan Hunter on Dec 30, 2022.
             Killed by divine providence
             ... invoked by an orc priest
              (13 damage)
             ... on level 4 of the Dungeon.
             The game lasted 00:04:33 (3224 turns).

wormed the Shooter (Spriggan Hunter)                Turns: 3224, Time: 00:04:33

Health: -1/32      AC:  2    Str:  7    XL:     6   Next: 57%
Magic:  7/7        EV: 20    Int: 11    God:
Gold:   100        SH:  0    Dex: 20    Spells: 5/5 levels left

rFire   . . .      SeeInvis +    a - +0 shortbow
rCold   . . .      Faith    .    (shield currently unavailable)
rNeg    . . .      Spirit   .    c - +0 robe
rPois   .          Reflect  .    (helmet restricted)
rElec   .          Harm     .    (no cloak)
rCorr   .          Rampage  .    (gloves unavailable)
Will    +....                    (boots unavailable)
Stlth   +++                      (no amulet)
HPRegen 0.25/turn                e - ring of flight
MPRegen 0.10/turn                (no ring)

@: flying, very quick
A: very small, no large weapons, unfitting armour, see invisible, speed 3
a: no special abilities


You were on level 4 of the Dungeon.
You visited 1 branch of the dungeon, and saw 4 of its levels.

You collected 100 gold pieces.

Inventory:

Hand Weapons
 a - a +0 shortbow (weapon)
Armour
 c - a +0 robe (worn)
Jewellery
 e - a ring of flight (left hand)
 v - a +6 ring of strength
Scrolls
 b - a scroll of immolation
 d - 9 scrolls of identify {unknown}
 g - a scroll of fear {unknown}
 j - a scroll of enchant armour {unknown}
 l - 3 scrolls of teleportation {unknown}
 o - a scroll of noise {unknown}
 p - a scroll of enchant weapon {unknown}
 q - a scroll of fog {unknown}
 r - a scroll of torment {unknown}
 u - a scroll of magic mapping {unknown}
 w - a scroll of butterflies {unknown}
Potions
 f - a potion of heal wounds {unknown}
 h - 2 potions of lignification {unknown}
 i - 3 potions of curing {unknown}
 k - a potion of magic {unknown}
 m - 2 potions of berserk rage {unknown}
 n - a potion of resistance {unknown}
 s - a potion of degeneration {unknown}
 t - a potion of brilliance {unknown}


   Skills:
 + Level 2.9 Fighting
 * Level 5.9 Ranged Weapons
 + Level 4.7 Dodging
 + Level 4.8 Stealth


You had 5 spell levels left.
You didn't know any spells.
Your spell library contained the following spells:

 Spells                   Type           Power      Damage    Failure   Level
 Sting                    Tmut/Pois      0%         1d3       34%         1
 Poisonous Vapours        Pois/Air       0%         N/A       47%         2
 Inner Flame              Hex/Fire       0%         N/A       71%         3
 Cause Fear               Hex            0%         N/A       98%         4
 Olgreb's Toxic Radiance  Pois           0%         N/A       98%         4
 Summon Forest            Summ/Tloc      0%         N/A       100%        5
 Summon Mana Viper        Hex/Summ       0%         N/A       100%        5
 Summon Cactus Giant      Summ           0%         N/A       100%        6
 Discord                  Hex            0%         N/A       100%        8


Dungeon Overview and Level Annotations

Branches:
Dungeon (4/15)
 Temple: D:4-7

Altars:

Shops:
D:3 (((([


Innate Abilities, Weirdness & Mutations

You are very small and have problems with some larger weapons.
You are too small for most types of armour.
You have supernaturally acute eyesight. (SInv)
You cover ground extremely quickly. (Speed+++)


Message History

The arrow hits the orc but does no damage.
You shoot an arrow. The orc priest shouts!
The arrow hits the orc.
The orc is moderately wounded.
You shoot an arrow.
The arrow hits the orc but does no damage.
The orc is moderately wounded.
The orc priest looks encouraged for a moment.
You see here a +0 mace.
You shoot an arrow. The arrow hits the orc.
The orc is severely wounded.
You shoot an arrow.
The arrow hits the orc but does no damage.
The orc is severely wounded.
You shoot an arrow. The arrow hits the orc.
You kill the orc!
The orc priest invokes the aid of Beogh against you.
Beogh smites you!
You shoot an arrow. The arrow barely misses the orc priest.
You shoot an arrow. The arrow hits the orc priest.
The orc priest is moderately wounded.
You shoot an arrow.
The arrow hits the orc priest but does no damage.
The orc priest is moderately wounded.
You shoot an arrow. The arrow hits the orc priest!
The orc priest is almost dead.
You shoot an arrow. The arrow barely misses the orc priest.
The arrow hits the orc priest!
The orc priest is severely wounded.
You shoot an arrow. The arrow hits the orc priest!
You kill the orc priest!
The orc priest calls down the wrath of Beogh upon you.
Pain shoots through your body!
You are too injured to fight recklessly!
You are too injured to fight recklessly!
You are too injured to fight recklessly!
The orc priest calls down the wrath of Beogh upon you.
Beogh smites you!
You die...

.#.##.........#..........#
##...)..........#######..#
####.......#..## #..#
#.......#..# #..#
#.......#..# #..# ##
##.#.####..########..# .#
##.#.# #..##........#
o####....####..##.######.#
......)...))o...@...# #.#
#####<..#.#######.#.# #.#
##.##.## #.#.# #.# #.....#
####.#.# #.# ####..#
#....#.# #.# #..# #.####.#
##.## #..# #.# #.###...##
#
#.####.####.##.###.######
# #.##.....##.##.#
#.......


You could see an orc priest.

Vanquished Creatures
  2 jellies (D:3)
  A gnoll bouda (D:4)
  3 orc priests
  2 orc wizards
  3 gnolls (D:4)
  6 adders
  A dart slug (D:2)
  10 orcs
  8 bats
  6 endoplasms
  2 giant cockroaches
  5 goblins
  7 hobgoblins
  6 jackals (D:1)
  5 kobolds
  2 quokkas
  9 ball pythons
  A frilled lizard (D:3)
  8 rats
87 creatures vanquished.

Notes
Turn   | Place    | Note
-------+----------+-------------------------------------------
     0 | D:1      | wormed the Spriggan Hunter began the quest for the Orb.
     0 | D:1      | Reached XP level 1. HP: 10/10 MP: 2/2
   153 | D:1      | Found a faded altar of an unknown god.
   220 | D:1      | Reached XP level 2. HP: 15/15 MP: 3/3
   636 | D:1      | Reached XP level 3. HP: 16/18 MP: 4/4
  1309 | D:3      | Found Wuoc Onuff's Antique Armour Emporium.
  1320 | D:3      | Reached XP level 4. HP: 23/23 MP: 5/5
  1398 | D:3      | Found Irhakemn's Weapon Emporium.
  1412 | D:3      | Found Xadymum's Weapon Emporium.
  1499 | D:3      | Found Coiwkegg's Antique Weapon Emporium.
  1573 | D:3      | Reached skill level 5 in Ranged Weapons
  1573 | D:3      | Reached XP level 5. HP: 27/27 MP: 6/6
  1956 | D:3      | Found Ceantur's Weapon Boutique.
  2155 | D:4      | Reached XP level 6. HP: 32/32 MP: 7/7
  2602 | D:4      | HP: 1/32 [orc priest/+0 flail (4)]
  3224 | D:4      | Killed from afar by an orc priest

Illustrated notes

Levels and vault maps discovered:
D:1:      grunt_arrival_lava_bath, layout_loops_ring,
          shapermc_ecumenical_altar_mp_highgroup
D:2:      layout_loops_ring, moated_statue, kennysheep_another_room
D:3:      layout_basic, serial_shops, shop_statue, shop_fountains,
          nicolae_shop_bloodbath_and_beyond, shop, shop
D:4:      layout_loops_ring

Skill      XL: |  1  2  3  4  5 |
---------------+----------------+-----
Stealth        | 2 3 4 |  4.8
Dodging        | 3 4 |  4.7
Fighting       | 2 |  2.9
Ranged Weapons | 5 |  5.9

Action                   |  1- 3 |  4- 6 || total
-------------------------+-------+-------++-------
 Fire: Shortbow          |   107 |   169 ||   276
Armor: Robe              |     5 |     3 ||     8
Dodge: Dodged            |    61 |    44 ||   105

Table legend: (Time is in decaauts)
 A = Elapsed time spent in this place.
 B = Non-inter-level travel time spent in this place.
 C = Inter-level travel time spent in this place.
 D = Time resting spent in this place.
 E = Time spent auto-exploring this place.
 F = Levels seen in this place.
 G = Mean time per level.
                   A        B        C        D        E       F      G
               +--------+--------+--------+--------+--------+-----+--------+
         Total |   2382 |   2352 |     30 |      0 |   1757 |   4 |  595.5 |
       Dungeon |   2382 |   2352 |     30 |      0 |   1757 |   4 |  595.5 |
               +--------+--------+--------+--------+--------+-----+--------+

Top non-repeatable levels by time:
     D:4: 919 daAuts
     D:3: 570 daAuts
     D:1: 489 daAuts
     D:2: 403 daAuts
